 Dungeon Crawl Stone Soup version 0.22-a0-580-gd5db89c (webtiles) character file.

219 Amnesiac the Chucker (level 5, -7/25 HPs)
             Began as a Spriggan Wanderer on July 3, 2018.
             Mangled by an ogre
             ... wielding a +0 giant spiked club
              (32 damage)
             ... on level 4 of the Dungeon.
             The game lasted 00:03:00 (927 turns).

Amnesiac the Chucker (Spriggan Wanderer)             Turns: 927, Time: 00:03:01

Health: -7/25      AC:  2    Str: 10    XL:     5   Next: 63%
Magic:  12/12      EV: 15    Int: 12    God:
Gold:   17         SH:  0    Dex: 16    Spells: 9/12 levels left

rFire    . . .     SeeInvis +   b - +0 quarterstaff of Conformity {elec, rElec rC- MR+ SInv} (curse)
rCold    x . .     Gourm    .   (shield currently unavailable)
rNeg     . . .     Faith    .   f - +0 robe
rPois    .         Spirit   .   (helmet restricted)
rElec    +         Reflect  .   (no cloak)
rCorr    .         Harm     .   (gloves unavailable)
MR       +....                  (boots unavailable)
Stlth    +.........             (no amulet)
HPRegen  0.08/turn              (no ring)
MPRegen  0.13/turn              (no ring)

@: very quick
A: very small, unfitting armour, see invisible, herbivore, speed 3, slow
metabolism 2
a: no special abilities


You were on level 4 of the Dungeon.
You were not hungry.

You visited 1 branch of the dungeon, and saw 4 of its levels.

You collected 17 gold pieces.

Inventory:

Hand Weapons
 a - a +0 blowgun
 b - the cursed +0 quarterstaff of Conformity (weapon) {elec, rElec rC- MR+ SInv}
   (You found it on level 4 of the Dungeon)

   Occasionally, upon striking a foe, it will discharge some electrical energy
   and cause terrible harm.
   It makes you vulnerable to cold.
   It insulates you from electricity.
   It affects your resistance to hostile enchantments.
   It lets you see invisible.
   It has a curse placed upon it.
 h - a +0 spear
Missiles
 d - 7 poisoned needles
Armour
 f - a +0 robe (worn)
Potions
 c - a potion of berserk rage {!q}
 e - a potion of heal wounds {!q}
Comestibles
 g - 2 rations


   Skills:
 - Level 1.5 Fighting
 + Level 5.7 Throwing
 - Level 1.0 Unarmed Combat
 - Level 4.0 Spellcasting
   Level 1.0 Fire Magic
   Level 1.0 Ice Magic
   Level 1.3 Evocations


You had 9 spell levels left.
You knew the following spells:

 Your Spells              Type           Power        Failure   Level  Hunger
e - Mephitic Cloud        Conj/Pois/Air  #.......     54%         3    ###....

Your spell library contained the following spells:

 Spells                   Type           Power        Failure   Level  Hunger
 Shock                    Conj/Air       #...         22%         1    #......


Dungeon Overview and Level Annotations

Branches:
Dungeon (4/15)
 Temple: D:4-7

Altars:


Innate Abilities, Weirdness & Mutations

You are very small and have problems with some larger weapons.
You are too small for most types of armour.
You have supernaturally acute eyesight. (SInv)
You are a herbivore.
You cover ground extremely quickly.
You need to consume almost no food.


Message History

Things that are here:
a poisoned needle; a ball python corpse A gnoll is nearby!
A gnoll is nearby!
Firing (i - inventory)
d - 4 poisoned needles (quivered)
Press: ? - help, Shift-Dir - straight line, f - gnoll
Aim: a gnoll (moderately wounded)
You shoot a poisoned needle. The poisoned needle hits the gnoll!
The gnoll is poisoned.
The gnoll is moderately wounded.
Unknown command.
Firing (i - inventory)
d - 3 poisoned needles (quivered)
Press: ? - help, Shift-Dir - straight line, f/p - gnoll
Aim: a gnoll (heavily wounded, poisoned)
You shoot a poisoned needle. The poisoned needle hits the gnoll!
The gnoll looks as sick as possible!
The gnoll is heavily wounded.
Unknown command.
You kill the gnoll!
d - 3 poisoned needles (gained 1)
You see here a ball python corpse.
d - 4 poisoned needles (gained 1)
d - 5 poisoned needles (gained 1)
d - 6 poisoned needles (gained 1)
d - 7 poisoned needles (gained 1) Key pressed, stopping explore.
c - an ichor-stained quarterstaff
Found a stone staircase leading down.
A leopard gecko skeleton comes into view.
Search for what [? for help]? dag Can't find anything matching that.
You see here a spear.
h - a spear Wield which item (- for none, * to show all)? (? for menu, Esc to quit)
Okay, then.
Wield which item (- for none, * to show all)? (? for menu, Esc to quit)
You hear the crackle of electricity.
It sticks to your hand!
c - the cursed +0 quarterstaff of Conformity (weapon)
{elec, rElec rC- MR+ SInv} Adjust (i)tems, (s)pells, or (a)bilities?
Adjust which item? (? for menu, Esc to quit)
e - a +0 blowgun Adjust to which letter? (? for menu, Esc to quit)
a - a +0 blowgun;
e - a potion of heal wounds {!q} Adjust (i)tems, (s)pells, or (a)bilities?
Adjust which item? (? for menu, Esc to quit)
c - the cursed +0 quarterstaff of Conformity (weapon)
{elec, rElec rC- MR+ SInv} Adjust to which letter? (? for menu, Esc to quit)
b - the cursed +0 quarterstaff of Conformity (weapon)
{elec, rElec rC- MR+ SInv}
c - a potion of berserk rage {!q} You aren't carrying any scrolls.
An ogre comes into view. It is wielding a giant spiked club.
You barely miss the leopard gecko skeleton.
The leopard gecko skeleton misses you.
You barely miss the leopard gecko skeleton.
The leopard gecko skeleton barely misses you.
You hit the leopard gecko skeleton.
Lightning courses through the leopard gecko skeleton!
You destroy the leopard gecko skeleton!
You hit the ogre.
The ogre is lightly wounded.
The ogre hits you with a giant spiked club!!
Ouch! That really hurt!
You die...

##...#......
##...###....#
##...## ##..##
##...## #..#
#...## #....
##### ##..##
#....
#....##..##
..###
#.O....### ..#
#..@.>...#
#...........#
#.............
#.........###..
#....##.....# .
#.... ##....#
#.... .....#
#.... .....


You could see an ogre.

Vanquished Creatures
  2 ogres (D:4)
  4 gnolls (D:4)
  2 leopard geckos
  A ball python (D:4)
  A bat (D:3)
  3 frilled lizards
  A leopard gecko skeleton (D:4)
14 creatures vanquished.

Notes
Turn   | Place    | Note
-------+----------+-------------------------------------------
     0 | D:1      | Amnesiac the Spriggan Wanderer began the quest for the Orb.
     0 | D:1      | Amnesiac set off with: a potion of heal wounds {!q}, a potion of berserk rage {!q}, 13 poisoned needles, a +0 blowgun, a +0 robe, a ration
     0 | D:1      | Reached XP level 1. HP: 10/10 MP: 6/6
   305 | D:4      | Noticed an ogre
   440 | D:4      | Reached skill level 2 in Throwing
   494 | D:4      | Killed an ogre
   494 | D:4      | Reached skill level 4 in Throwing
   494 | D:4      | Reached XP level 2. HP: 14/14 MP: 8/8
   494 | D:4      | Reached XP level 3. HP: 18/18 MP: 9/9
   494 | D:4      | Reached XP level 4. HP: 22/22 MP: 11/11
   533 | D:4      | Noticed an ogre
   564 | D:4      | Killed an ogre
   564 | D:4      | Reached skill level 5 in Throwing
   564 | D:4      | Reached XP level 5. HP: 25/25 MP: 12/12
   602 | D:4      | Learned a level 3 spell: Mephitic Cloud
   855 | D:4      | Got an ichor-stained quarterstaff
   908 | D:4      | Identified the cursed +0 quarterstaff of Conformity {elec, rElec rC- MR+ SInv} (You found it on level 4 of the Dungeon)
   919 | D:4      | Noticed an ogre
   927 | D:4      | Mangled by an ogre

Vault maps used:
D:1:      dpeg_arrival_line_fractal
D:2:      nicolae_overflow_hidden_temple
D:4:      gammafunk_ghost_necromancy, first_ration, minivault_25

Skill      XL: |  1  2  3  4 |
---------------+-------------+-----
Throwing       | 4 5 |  5.7
Fighting       | |  1.5
Unarmed Combat | |  1.0
Spellcasting   | |  4.0
Fire Magic     | |  1.0
Ice Magic      | |  1.0
Evocations     | |  1.3

Action                   |  1- 3 |  4- 6 || total
-------------------------+-------+-------++-------
Melee: Quarterstaff      |       |     4 ||     4
 Fire: Blowgun           |    35 |    18 ||    53
 Cast: Mephitic Cloud    |       |     1 ||     1
Armor: Robe              |     1 |       ||     1
Dodge: Dodged            |     7 |     6 ||    13

Table legend:
 A = Spawn XP
 B = Non-spawn XP
 C = Spawn XP percentage of total XP
 D = Spawn monster count
 E = Non-spawn monster count
 F = Spawn count percentage of total count
 G = Total turns spent on level
                    A         B        C        D         E        F      G
               +---------+---------+-------+---------+---------+-------+---------
         Total |       0 |     313 |   0.0 |       0 |      14 |   0.0 |   927
               +---------+---------+-------+---------+---------+-------+---------
           D:2 |       0 |       1 |   0.0 |       0 |       1 |   0.0 |   111
           D:3 |       0 |       5 |   0.0 |       0 |       3 |   0.0 |   307
           D:4 |       0 |     307 |   0.0 |       0 |      10 |   0.0 |   507
               +---------+---------+-------+---------+---------+-------+---------
